 Dungeon Crawl Stone Soup version 0.31-a0-662-g684573625c (webtiles) character file.

Game seed: 8861065975458775136

247 ytrimaz the Insei (level 5, -1/41 HPs)
             Began as a Demonspawn Shapeshifter on Aug 31, 2023.
             Slain by Dowan
             ... wielding a +0 dagger
              (3 damage)
             ... on level 4 of the Dungeon.
             The game lasted 00:03:22 (2796 turns).

ytrimaz the Insei (Demonspawn Shapeshifter)         Turns: 2796, Time: 00:03:23

Health: -1/41      AC:  2    Str: 14    XL:     5   Next: 85%
Magic:  5/5        EV: 12    Int: 11    God:
Gold:   156        SH:  0    Dex: 15    Spells: 4/4 levels left

rFire   . .          .
                       - Unarmed
rCold   . . .        (no shield)
rNeg    . . .        a - +0 animal skin
rPois   .            (helmet currently unavailable)
rElec   .            (cloak currently unavailable)
rCorr   .            (gloves currently unavailable)
SInv    .            (boots currently unavailable)
Will    .....        (no amulet)
Stlth   +            (no ring)
HPRegen 0.26/turn    (no ring)
MPRegen 0.09/turn

%: no passive effects
@: beast-form, hasted, very quick
A: beast (slay +2), antennae 1, ignite blood 1
a: Begin Untransformation


You were on level 4 of the Dungeon.
You were a hulking beast.
You visited 1 branch of the dungeon, and saw 4 of its levels.

You collected 156 gold pieces.


Innate Abilities, Weirdness & Mutations

You are a hulking beast.
Your limbs bulge with bestial killing power. (Slay +2)
You have a pair of small antennae on your head.
Your demonic aura sometimes causes spilled blood to erupt in flames.


   Skills:
 + Level 3.2 Fighting
 - Level 1.7 Dodging
 + Level 4.1 Unarmed Combat
 - Level 4.0 Shapeshifting


You had 4 spell levels left.
You didn't know any spells.
Your spell library contained the following spells:

 Spells                   Type           Power      Damage    Failure   Level
 Scorch                   Fire           0%         2d5       47%         2
 Flame Wave               Conj/Fire      0%         2d4       98%         4
 Summon Cactus Giant      Summ           0%         N/A       100%        6

Inventory:

Armour
 a - a +0 animal skin (worn)
 n - the +0 pair of boots of Wu Jian's Esteem {Will+++ Int-3 Dex+6}
   (You found it on level 2 of the Dungeon)

   Int-3:     It affects your intelligence (-3).
   Dex+6:     It affects your dexterity (+6).
   Will+++:   It greatly increases your willpower.
Talismans
 c - a beast talisman (active)
 d - a flux talisman
Wands
 b - a wand of flame (16)
   (You found it on level 3 of the Dungeon)
Scrolls
 f - 4 scrolls of blinking {unknown}
 g - a scroll of teleportation {unknown}
 i - a scroll of summoning {unknown}
 k - 2 scrolls of identify {unknown}
 l - a scroll of enchant armour {unknown}
 m - a scroll of immolation {unknown}
 o - a scroll of vulnerability {unknown}
 q - a scroll of revelation {unknown}
 r - a scroll of fog {unknown}
 s - a scroll of torment {unknown}
Potions
 e - a potion of attraction {unknown}
 t - a potion of resistance {unknown}
 u - a potion of enlightenment {unknown}

Dungeon Overview and Level Annotations

Branches:
Dungeon (4/15) Zot: 21196
 Temple: D:4-7

Altars:
Vehumet

Shops:
D:4 (

Annotations:
D:4 Dowan

.......## ###...............
........#####..............##.
#........................####
#............###.)..#...## #
#........#### #....#....#
#.......### #....##...## #
#.........#####....##..#.###
##.....)...K......†.###.#.##.
#..........eh○.......#####.##
#.........###..........# ####
#.........## #.....#.[..#
#..........## #....#.)...#
............##........#.##
...............<.......#.
......K.e........#..... .#
.................#... ##
................###..


You could see Dowan (fast) and a kobold.


Message History

A dart slug comes into view.
The orc misses you.
You punch the orc!
You kill the orc!
The dart slug launches a dart at you. The slug dart misses you.
Things that are here:
a +0 short sword; a +0 ring mail; an orc corpse Unknown command.
Found a stone staircase leading up.
The dart slug bites you. 😕 HP[-1]
You take 1 damage, and now have 40/41 hp.
You hit the dart slug but do no damage.
The dart slug closely misses you. 😎 HP[+1]
Your hp is fully restored (41).
You hit the dart slug.
Unknown command.
You hit the dart slug.
You kill the dart slug!
No target in view!
You see here a dart slug corpse.
No target in view!
Unknown command.
You are a hulking beast.
Your movement speed is average.
Your attack delay is about 0.9.
Your damage rating with unarmed combat is about 10 (Base [3 + 4 (UC)] x 110% (Str) x 105% (Fight) + 2 (Slay)).
You see here a dart slug corpse.
You now have 156 gold pieces (gained 14).
An endoplasm comes into view.
An endoplasm is nearby!
An endoplasm is nearby!
An endoplasm is nearby!
An endoplasm is nearby!
Found a stone staircase leading down.
The endoplasm quivers.
The endoplasm barely misses you.
You hit the endoplasm.
You kill the endoplasm!
No target in view!
You see here the +8 sling of Giwa {freeze, Will+++ MP+9 Dex-4}.
Duvessa, Sister of Dowan comes into view.
She is wielding a +0 short sword.
Duvessa shouts!
You hear a shout!
Dowan, Brother of Duvessa comes into view.
He is wielding a +0 dagger.
A kobold comes into view. It is wielding a +0 short sword.
Dowan shouts!
Dowan smirks and points a slender finger.
The kobold throws a stone.
The stone hits you. 😕 HP[-1]
You take 1 damage, and now have 40/41 hp.
It was a potion of cancellation.
You feel magically purged.
Duvessa says, "Where magic fails, the sword succeeds!"
It was a potion of magic.
Magic courses through your body. 😎 HP[+1]
Your hp is fully restored (41).
It was a potion of haste.
You feel yourself speed up. Duvessa closely misses you.
You hit Duvessa. You punch Duvessa. Duvessa completely misses you.
You hit Duvessa.
Dowan points at you and mumbles some strange words.
The puff of frost misses you.
You completely miss Duvessa. Duvessa closely misses you.
Dowan barely misses you.
You hit Duvessa but do no damage.
Unknown command.
You hit Duvessa. Duvessa closely misses you. The kobold barely misses you.
Dowan hits you with a +0 dagger. 😕 HP[-5]
You take 5 damage, and now have 36/41 hp.
You punch Duvessa! Your punch misses Duvessa.
Unknown command.
You hit Duvessa. The kobold barely misses you.
Duvessa hits you with a +0 short sword! Dowan barely misses you. 😮 HP[-7]
You take 7 damage, and now have 29/41 hp.
You hit Duvessa. Duvessa hits you with a +0 short sword.
The kobold misses you. 😮 HP[-6]
You take 6 damage, and now have 23/41 hp.
Unknown command.
You hit Duvessa. Dowan gestures at you while chanting.
The puff of frost hits you!
* * * LOW HITPOINT WARNING * * *
😨 HP[-8]
You take 8 damage, and now have 15/41 hp.
You punch Duvessa! Duvessa hits you with a +0 short sword!
* * * LOW HITPOINT WARNING * * *
The kobold hits you with a +0 short sword.
* * * LOW HITPOINT WARNING * * *
Dowan hits you with a +0 dagger.
* * * LOW HITPOINT WARNING * * *
😱 HP[-13]
You take 13 damage, and now have 2/41 hp.
MASSIVE DAMAGE!! (PAUSE)
You punch Duvessa! You hit Duvessa.
Duvessa is engulfed in blazing flames.
You kill Duvessa!
Dowan seems overcome with grief.
Dowan seems to find hidden reserves of power!
The kobold barely misses you. Dowan hits you with a +0 dagger.
You die...

Skill      XL: |  1  2  3  4  5 |
---------------+----------------+-----
Unarmed Combat | 3 4 |  4.1
Shapeshifting  | 3 4 |  4.0
Fighting       | 2 3 |  3.2
Dodging        | |  1.7

Action                     |  1- 3 |  4- 6 || total
---------------------------+-------+-------++-------
  Melee: Unarmed           |   102 |    76 ||   178
         Punch             |       |     6 ||     6
    Use: Potion            |       |     4 ||     4
   Stab: Sleeping          |     2 |     4 ||     6
 Armour: Animal skin       |    69 |    41 ||   110
         Skin              |       |     7 ||     7
  Dodge: Dodged            |    74 |    60 ||   134
   Form: Beast             |     1 |       ||     1
         Flux              |     1 |       ||     1

Levels and vault maps discovered:
D:1:      minmay_arrival_loop, layout_loops_corners, serial_bayou,
          serial_bayou_pond_a, serial_bayou_crossing, serial_bayou_pond_c,
          serial_bayou_pond_d, minmay_misc_feat_room, minmay_misc_feat_hallway,
          chequers_arboretum
D:2:      layout_basic, hellmonk_ecumenical_altar_prayer_group, basic_altar,
          uniq_terence, uniq_jessica
D:3:      layout_loops_ring, chequers_serial_rivers_small_b, uniq_pargi
D:4:      layout_layer_cave, chequers_temple_overflow_minitemple, serial_shops,
          shop, hex_medium, uniq_eustachio, uniq_duvessa

Notes
Turn   | Place    | Note
-------+----------+-------------------------------------------
     0 | D:1      | ytrimaz the Demonspawn Shapeshifter began the quest for the
                  | Orb.
     0 | D:1      | Reached XP level 1. HP: 15/15 MP: 1/1
     0 | D:1      | magus.rc [v1.9.6]
   703 | D:1      | You pick up a book of Scorching and begin reading...
   703 | D:1      | You add the spells Scorch, Flame Wave and Summon Cactus
                  | Giant to your library.
   819 | D:1      | Gained mutation: Your demonic aura sometimes causes spilled
                  | blood to erupt in flames. [demonic ancestry]
   819 | D:1      | Reached XP level 2. HP: 19/21 MP: 2/2
  1012 | D:2      | Reached skill level 3 in Unarmed Combat
  1012 | D:2      | Reached skill level 3 in Shapeshifting
  1056 | D:2      | HP: 1/12 [kobold/+0 short sword (3)]
  1134 | D:2      | Noticed Jessica
  1163 | D:2      | Killed Jessica
  1164 | D:2      | Reached XP level 3. HP: 19/26 MP: 3/3
  1239 | D:2      | Identified the +0 pair of boots of Wu Jian's Esteem
                  | {Will+++ Int-3 Dex+6}
  1287 | D:2      | Noticed Terence
  1310 | D:2      | HP: 5/27 [Terence/+0 flail (8)]
  1312 | D:2      | Killed Terence
  1313 | D:2      | Reached skill level 2 in Fighting
  1313 | D:2      | Gained mutation: You have a pair of small antennae on your
                  | head. [demonic ancestry]
  1313 | D:2      | Reached XP level 4. HP: 7/33 MP: 4/4
  1598 | D:2      | Found a radiant altar of Vehumet.
  1696 | D:2      | Found a faded altar of an unknown god.
  2173 | D:3      | Noticed Pargi
  2178 | D:3      | Killed Pargi
  2179 | D:3      | Reached skill level 4 in Unarmed Combat
  2179 | D:3      | Reached XP level 5. HP: 40/40 MP: 5/5
  2578 | D:4      | Found Zoppacah's Antique Weapon Shoppe.
  2586 | D:4      | Reached skill level 3 in Fighting
  2607 | D:4      | Reached skill level 4 in Shapeshifting
  2765 | D:4      | Identified the +8 sling of Giwa {freeze, Will+++ MP+9
                  | Dex-4}
  2769 | D:4      | Noticed Duvessa
  2771 | D:4      | Noticed Dowan
  2794 | D:4      | HP: 8/41 [Duvessa/+0 short sword (8)]
  2794 | D:4      | HP: 2/41 [Dowan/+0 dagger (5)]
  2796 | D:4      | Killed Duvessa
  2796 | D:4      | Slain by Dowan

Vanquished Creatures
  Duvessa (D:4)
  Pargi (D:3)
  A hound (D:4)
  Jessica (D:2)
  Terence (D:2)
  3 adders
  2 worms
  A dart slug (D:4)
  An orc (D:4)
  3 endoplasms
  2 giant cockroaches
  A hobgoblin (D:2)
  3 quokkas (D:1)
  5 bats
  3 frilled lizards
  5 goblins
  8 kobolds
  2 rats
44 creatures vanquished.

Table legend:
 A = Non-vault XP
 B = Vault XP
 C = Vault XP percentage of total XP
 D = Non-vault monster count
 E = Vault monster count
 F = Vault count percentage of total count
                 A         B        C        D         E       F
            +---------+---------+-------+---------+---------+-------
      Total |     143 |     360 |  71.6 |      40 |       4 |   9.1
            +---------+---------+-------+---------+---------+-------
        D:1 |      12 |       0 |   0.0 |       8 |       0 |   0.0
        D:2 |      41 |      69 |  62.7 |      18 |       2 |  10.0
        D:3 |      26 |     142 |  84.5 |       8 |       1 |  11.1
        D:4 |      64 |     149 |  70.0 |       6 |       1 |  14.3
            +---------+---------+-------+---------+---------+-------

Skill      XL: |  1  2  3  4  5 |
---------------+----------------+-----
Unarmed Combat | 3 4 |  4.1
Shapeshifting  | 3 4 |  4.0
Fighting       | 2 3 |  3.2
Dodging        | |  1.7

Action                     |  1- 3 |  4- 6 || total
---------------------------+-------+-------++-------
  Melee: Unarmed           |   102 |    76 ||   178
         Punch             |       |     6 ||     6
    Use: Potion            |       |     4 ||     4
   Stab: Sleeping          |     2 |     4 ||     6
 Armour: Animal skin       |    69 |    41 ||   110
         Skin              |       |     7 ||     7
  Dodge: Dodged            |    74 |    60 ||   134
   Form: Beast             |     1 |       ||     1
         Flux              |     1 |       ||     1

Illustrated notes

Table legend:
 A = Kills in this place as a percentage of kills in the entire game.
 B = Kills by you in this place as a percentage of kills by you in the entire game.
 C = Kills by friends in this place as a percentage of kills by friends in the entire game.
 D = Other kills in this place as a percentage of other kills in the entire game.
 E = Experience gained in this place as a percentage of experience gained in the entire game.
 F = Experience gained in this place divided by the number of levels of this place that you have seen.
                   A       B       C       D       E      F
               +-------+-------+-------+-------+-------+----------------------
         Total | 100.0 | 100.0 |   N/A |   N/A | 100.0 | 125.8
       Dungeon | 100.0 | 100.0 |   N/A |   N/A | 100.0 | 125.8
               +-------+-------+-------+-------+-------+----------------------

Table legend: (Time is in decaauts)
 A = Elapsed time spent in this place.
 B = Non-inter-level travel time spent in this place.
 C = Inter-level travel time spent in this place.
 D = Time resting spent in this place.
 E = Time spent auto-exploring this place.
 F = Levels seen in this place.
 G = Mean time per level.
                   A        B        C        D        E       F      G
               +--------+--------+--------+--------+--------+-----+--------+
         Total |   2803 |   2759 |     44 |      4 |   2302 |   4 |  700.8 |
       Dungeon |   2803 |   2759 |     44 |      4 |   2302 |   4 |  700.8 |
               +--------+--------+--------+--------+--------+-----+--------+

Top non-repeatable levels by time:
     D:1: 1022 daAuts
     D:2: 808 daAuts
     D:3: 759 daAuts
     D:4: 211 daAuts
